 Dungeon Crawl Stone Soup version 0.25-a0-458-g6fc7858b95 (webtiles) character file.

Game seed: 10623742910650020496, levelgen mode: deterministic

1542 Error4North the Chopper (level 8, -4/69 HPs)
             Began as a Hill Orc Fighter on Feb 2, 2020.
             Slain by Duvessa
             ... wielding a +2 short sword of speed
              (5 damage)
             ... on level 5 of the Dungeon.
             The game lasted 00:17:13 (4313 turns).

Error4North the Chopper (Hill Orc Fighter)          Turns: 4313, Time: 00:17:13

Health: -4/69      AC: 14    Str: 21    XL:     8   Next: 87%
Magic:  11/11      EV:  6    Int:  8    God:
Gold:   326        SH: 10    Dex: 10    Spells: 7/11 levels left

rFire    . . .     SeeInvis .   a - +0 war axe
rCold    . . .     Gourm    +   c - +0 shield
rNeg     . . .     Faith    .   d - +0 chain mail
rPois    .         Spirit   .   v - +1 helmet
rElec    .         Reflect  .   e - +1 cloak
rCorr    .         Harm     .   (no gloves)
MR       .....                  (no boots)
Stlth    ..........             s - amulet of the gourmand
HPRegen  0.21/turn              q - +4 ring of slaying
MPRegen  0.12/turn              D - ring of stealth

@: no status effects
A: no striking features
a: no special abilities


You were on level 5 of the Dungeon.
You were completely stuffed.

You visited 1 branch of the dungeon, and saw 5 of its levels.

You collected 326 gold pieces.

Inventory:

Hand Weapons
 a - a +0 war axe (weapon)
 u - a +4 mace
Armour
 c - a +0 shield (worn)
 d - a +0 chain mail (worn)
 e - a +1 cloak (worn)
 v - a +1 helmet (worn)
Jewellery
 q - a +4 ring of slaying (left hand)
 s - an amulet of the gourmand (around neck)
 D - a ring of stealth (right hand)
Wands
 b - a wand of random effects (16)
 x - a wand of polymorph (1)
Scrolls
 g - 7 scrolls of identify {unknown}
 i - a scroll of fear {unknown}
 k - 2 scrolls of enchant weapon {unknown}
 l - 3 scrolls of amnesia {unknown}
 m - a scroll of magic mapping {unknown}
 n - 3 scrolls of teleportation {unknown}
 o - 4 scrolls of remove curse
 r - a scroll of random uselessness {unknown}
 t - a scroll of fog {unknown}
 w - 2 scrolls of immolation {unknown}
Potions
 h - a potion of mutation {unknown}
 p - 3 potions of flight {unknown}
 z - a potion of invisibility {unknown}
 A - 2 potions of haste {unknown}
 B - a potion of agility {unknown}
Comestibles
 f - 9 rations


   Skills:
 * Level 5.5 Fighting
 + Level 7.9 Axes
 * Level 5.6 Armour
 + Level 1.0 Dodging
 * Level 6.0 Shields
 * Level 2.4 Spellcasting
 * Level 1.6 Hexes
 * Level 1.6 Translocations
 * Level 2.2 Evocations


You had 7 spell levels left.
You knew the following spells:

 Your Spells              Type           Power        Failure   Level  Hunger
a - Apportation           Tloc           #.....       99%         1    ##.....
b - Corona                Hex            #......      99%         1    ##.....
c - Blink                 Tloc           N/A          100%        2    ###....

Your spell library contained the following spells:

 Spells                   Type           Power        Failure   Level  Hunger
 Animate Skeleton         Necr           N/A          100%        1    ##.....
 Magic Dart               Conj           #...         100%        1    ##.....
 Summon Small Mammal      Summ           #...         100%        1    ##.....
 Call Imp                 Summ           #.......     100%        2    ###....
 Slow                     Hex            #.......     100%        2    ###....
 Conjure Flame            Conj/Fire      #.......     100%        3    ####...
 Mephitic Cloud           Conj/Pois/Air  #.......     100%        3    ####...


Dungeon Overview and Level Annotations

Branches:
Dungeon (5/15)
 Temple: D:4-7

Altars:
Vehumet

Annotations:
D:5 Duvessa


Message History

You hit Duvessa.
Duvessa is almost dead.
You block Duvessa's attack.
Duvessa hits you with a +2 short sword of speed.
* * * LOW HITPOINT WARNING * * *
You hit Duvessa but do no damage.
Duvessa is almost dead.
You block Duvessa's attack. Duvessa barely misses you.
You feel better. Duvessa hits you but does no damage.
Duvessa barely misses you.
Your shield and chain mail prevent you from hitting Duvessa.
Duvessa is almost dead.
Duvessa hits you with a +2 short sword of speed!
* * * LOW HITPOINT WARNING * * *
Duvessa hits you with a +2 short sword of speed.
* * * LOW HITPOINT WARNING * * *
You barely miss Duvessa.
Duvessa is almost dead.
Duvessa hits you with a +2 short sword of speed.
You die...

## #..>.......#
.##### #..........#
.....###..........#
###...........#######
#..#.#######.#.....#
##....# #.#.....#
....### #.#.....##
.#### #.#)e....## .#
#.#.@.....# ##
#.......#.# .#
#.........# .# ##
#..#.####### .#
......##># .## .#####
#.# ..###.# #.#
#...#.# #.# ###...#
#.


You could see Duvessa (berserk).

Vanquished Creatures
  Pikel (D:5)
  The ghost of Gruesome the Bolt Thrower, a novice FoHu (D:4)
  A slave (D:5)
  A water moccasin skeleton (D:4)
  Dowan (D:5)
  A crimson imp (D:5)
  4 hounds (D:4)
  An orc wizard (D:4)
  5 orc priests
  Jessica (D:3)
  Ijyb (D:4)
  3 worker ants
  6 gnolls
  3 adders
  An ooze (D:4)
  An adder skeleton (D:4)
  A worm (D:2)
  4 dart slugs
  A leopard gecko (D:2)
  14 orcs
  10 giant cockroaches
  13 goblins
  5 hobgoblins
  13 jackals
  A quokka (D:3)
  2 ball pythons
  4 bats
  5 frilled lizards
  6 kobolds
  2 quokka skeletons
  7 rats
120 creatures vanquished.

Vanquished Creatures (others)
  A centaur (D:5)
1 creature vanquished.

Grand Total: 121 creatures vanquished

Notes
Turn   | Place    | Note
-------+----------+-------------------------------------------
     0 | D:1      | Error4North the Hill Orc Fighter began the quest for the
                  | Orb.
     0 | D:1      | Reached XP level 1. HP: 19/19 MP: 1/1
   103 | D:1      | Reached XP level 2. HP: 27/27 MP: 2/2
   726 | D:1      | Reached skill level 3 in Axes
   949 | D:2      | Reached XP level 3. HP: 33/33 MP: 3/3
  1224 | D:2      | Reached XP level 4. HP: 27/40 MP: 4/4
  1958 | D:3      | Found a radiant altar of Vehumet.
  2052 | D:3      | Reached skill level 4 in Axes
  2229 | D:3      | Noticed Jessica
  2236 | D:3      | Killed Jessica
  2236 | D:3      | Reached skill level 1 in Spellcasting
  2236 | D:3      | Reached XP level 5. HP: 44/46 MP: 6/6
  2861 | D:4      | Reached XP level 6. HP: 52/52 MP: 7/7
  2881 | D:4      | Reached skill level 5 in Axes
  3280 | D:4      | Reached skill level 5 in Shields
  3409 | D:4      | Noticed Ijyb
  3421 | D:4      | Killed Ijyb
  3421 | D:4      | Reached XP level 7. HP: 40/59 MP: 9/9
  3619 | D:4      | Learned a level 1 spell: Apportation
  3632 | D:4      | Found a large runed translucent door.
  3632 | D:4      | Found a large runed translucent door.
  3632 | D:4      | Noticed Gruesome's ghost (novice FoHu)
  3662 | D:4      | Reached skill level 6 in Axes
  3779 | D:4      | Killed Gruesome's ghost
  3779 | D:4      | Reached skill level 5 in Armour
  3779 | D:4      | Reached skill level 1 in Dodging
  3779 | D:4      | Reached skill level 1 in Evocations
  3779 | D:4      | Reached XP level 8. HP: 56/67 MP: 9/11
  3854 | D:5      | Entered Level 5 of the Dungeon
  3866 | D:5      | Learned a level 1 spell: Corona
  3869 | D:5      | Learned a level 2 spell: Blink
  3920 | D:5      | Reached skill level 7 in Axes
  3928 | D:5      | Reached skill level 5 in Fighting
  4004 | D:5      | Noticed Pikel
  4020 | D:5      | Killed Pikel
  4020 | D:5      | Reached skill level 1 in Hexes
  4020 | D:5      | Reached skill level 1 in Translocations
  4286 | D:5      | Noticed Duvessa
  4286 | D:5      | Noticed Dowan
  4292 | D:5      | Killed Dowan
  4309 | D:5      | HP: 3/69 [Duvessa/+2 short sword of speed (2)]
  4312 | D:5      | HP: 1/69 [Duvessa/+2 short sword of speed (6)]
  4313 | D:5      | Slain by Duvessa

Levels and vault maps discovered:
D:1:      lemuel_arrival_broad_hall, layout_loops_ring, hangedman_decor_growths,
          hangedman_decor_diamond_cutter
D:2:      layout_basic, first_ration, minmay_quadrilaterals
D:3:      minmay_wonky_spiral, layout_loops_cross, fiery_altar_vehumet,
          kennysheep_jessica_study, uniq_jessica
D:4:      kennysheep_the_goblin_king, layout_basic, ebering_ghost_disaster_area
D:5:      layout_rooms, uniq_duvessa, uniq_pikel

Skill      XL: |  1  2  3  4  5  6  7  8 |
---------------+-------------------------+-----
Axes           | 3 4 5 6 7 |  7.9
Fighting       | 4 5 |  5.5
Shields        | 4 5 6 |  6.0
Armour         | 4 5 |  5.6
Spellcasting   | 1 2 |  2.4
Dodging        | 1 |  1.0
Evocations     | 1 2 |  2.2
Hexes          | 1 |  1.6
Translocations | 1 |  1.6

Action                   |  1- 3 |  4- 6 |  7- 9 || total
-------------------------+-------+-------+-------++-------
Melee: War axe           |   103 |   137 |   121 ||   361
Evoke: Wand              |       |     2 |     1 ||     3
  Use: Scroll            |       |     1 |       ||     1
       Potion            |       |     2 |     1 ||     3
  Eat: Chunk             |     1 |    12 |     8 ||    21
Armor: Scale mail        |    60 |    70 |       ||   130
       Chain mail        |       |     7 |    71 ||    78
Dodge: Dodged            |    31 |    46 |    32 ||   109
Block: Shield            |    50 |    88 |    72 ||   210

Table legend:
 A = Non-vault XP
 B = Vault XP
 C = Vault XP percentage of total XP
 D = Non-vault monster count
 E = Vault monster count
 F = Vault count percentage of total count
                 A         B        C        D         E       F
            +---------+---------+-------+---------+---------+-------
      Total |     994 |    1209 |  54.9 |     101 |      19 |  15.8
            +---------+---------+-------+---------+---------+-------
        D:1 |      33 |       0 |   0.0 |      18 |       0 |   0.0
        D:2 |      64 |      11 |  14.7 |      20 |       5 |  20.0
        D:3 |      79 |      43 |  35.2 |      16 |       4 |  20.0
        D:4 |     559 |     435 |  43.8 |      33 |       8 |  19.5
        D:5 |     259 |     720 |  73.5 |      14 |       2 |  12.5
            +---------+---------+-------+---------+---------+-------
